[Event "*** Titled Tuesday Blitz"]
[Site "Chess.com"]
[Date "2019.06.04"]
[Round "3"]
[White "ethylalcohol"]
[Black "bracuarta"]
[Result "0-1"]
[WhiteElo "2045"]
[BlackElo "2100"]
[TimeControl "180+2"]
[EndTime "13:37:01 PDT"]
[Termination "bracuarta won on time"]

1. d4 Nf6 2. Nf3 g6 3. Bf4 Bg7 4. e3 O-O 5. Be2 d6 6. h3 Nfd7 7. Bh2 e5 8. O-O Nc6 9. c4 f5 10. Nc3 h6 11. c5 g5 12. cxd6 cxd6 13. Qb3+ Kh8 14. Nb5 Nb6 15. dxe5 dxe5 16. Rad1 Qe7 17. Qa3 f4 18. Qxe7 Nxe7 19. e4 Bd7 20. Nd6 Bc6 21. Bb5 Bxb5 22. Nxb5 a6 23. Nc7 Rac8 24. Ne6 Rf7 25.
Nxg7 Rxg7 26. Nxe5 Rc2 27. Rd8+ Kh7 28. Rb1 Na4 29. Rd7 Ng6 30. Rxg7+ Kxg7 31. Nd3 Rd2 32. Nb4 Nxb2 33. Nd5 b5 34. Kf1 Nd3 35. Bg1 Rxa2 36. f3 Nge5 37. Bd4 Kf7 38. Rb3 Ra4 0-1

[Event "*** Titled Tuesday Blitz"]
[Site "Chess.com"]
[Date "2019.06.04"]
[Round "3"]
[White "GM_dmitrij"]
[Black "mitrabhaa"]
[Result "0-1"]
[WhiteElo "2805"]
[BlackElo "2707"]
[TimeControl "180+2"]
[EndTime "13:37:06 PDT"]
[Termination "mitrabhaa won by resignation"]

1. e4 c6 2. Nc3 d5 3. Nf3 dxe4 4. Nxe4 Nf6 5. Qe2 Nxe4 6. Qxe4 Be6 7. Qf4 Qd6 8. Qe3 Bf5 9. c4 Nd7 10. Be2 Nf6 11. O-O e6 12. b3 Be7 13. Bb2 Ng4 14.
Qd4 Qxd4 15. Nxd4 Nh6 16. Nxf5 Nxf5 17. g4 O-O-O 18. gxf5 Rxd2 19. Bg4 Rxb2 20. fxe6 f6 21. Rfd1 g6 22. Rd7 Re8 23. Rf1 Rxa2 24. Bd1 Ra5 25. Re1 Bb4 26. Re3 Re7 27. Rxe7 Bxe7 28. Kf1 Re5 29. Rxe5 fxe5 30. Ke2 Kc7 31. Kd3 Bc5 32.
Bg4 Kd6 33. f3 Bg1 34. h4 h5 35. Bh3 Bf2 36. Ke4 Bxh4 37. f4 exf4 38. Kxf4 Bf6 39. Ke4 a5 40. Kf4 b5 41. cxb5 cxb5 42. Bf1 a4 43. bxa4 bxa4 44. Bc4 a3 45. Ba2 g5+ 46. Kf5 Be7 47. Ke4 h4 48. Kf3 Ke5 49. Kg4 Kd4 50.
Kh3 Kc3 51. Kg4 Kb2 0-1

[Event "*** Titled Tuesday Blitz"]
[Site "Chess.com"]
[Date "2019.06.04"]
[Round "3"]
[White "Joseph_Truelson"]
[Black "cool4chess"]
[Result "1-0"]
[WhiteElo "2268"]
[BlackElo "2333"]
[TimeControl "180+2"]
[EndTime "13:37:06 PDT"]
[Termination "Joseph_Truelson won by resignation"]

1. d4 d5 2. Nc3 Nf6 3. Bf4 c5 4. e3 Nc6 5. Nb5 Kd7 6. c4 Qa5+ 7. Nc3 cxd4 8. exd4 e6 9. Nf3 Bb4 10. Bd2 Ne4 11. Rc1 Nxd2 12. Qxd2 Bxc3 13. bxc3 Rd8 14. cxd5 Qxd5 15. Be2 Ke8 16. O-O Kf8 17. Bd3 Kg8 18.
Rfe1 h6 19. Ne5 Nxe5 20. Rxe5 Qd6 21. Rce1 b6 22. f4 Bb7 23. f5 exf5 24. Bxf5 g6 25.
Qxh6 gxf5 26. Re8+ Rxe8 27. Rxe8+ Rxe8 28. Qxd6 Be4 29.
Qd7 Ra8 30. c4 a6 31. c5 bxc5 32. dxc5 Rb8 33. c6 Rb1+ 34. Kf2 Rb2+ 35. Ke3 Rc2 36. c7 Rc3+ 37. Kf4 Bb7 38. Kg5 Kg7 39. h4 Rc4 40. Kxf5 Bxg2 41. Ke5 Bb7 42. h5 Rc5+ 43. Kd4 Rc1 44. Ke3 Rc3+ 45. Kd2 Rc4 46. h6+ Kxh6 47. Qxf7 Rc6 48. Qd7 Kg6 49. Qxc6+ Bxc6 50. c8=Q Bb5 51. Qc7 Kf6 52. Kc3 Ke6 53. Kb4 Kd5 54. a4 Bd3 55.
Qc5+ Ke6 56. Kc3 Bf1 57. Kd4 Kf6 58. Qd6+ Kf5 59. a5 Bb5 60. Qe5+ Kg6 61. Qf4 Be2 62. Qe4+ 1-0

[Event "*** Titled Tuesday Blitz"]
[Site "Chess.com"]
[Date "2019.06.04"]
[Round "3"]
[White "BillieKimbah"]
[Black "SoltaniciR"]
[Result "1-0"]
[WhiteElo "2786"]
[BlackElo "2601"]
[TimeControl "180+2"]
[EndTime "13:37:09 PDT"]
[Termination "BillieKimbah won by resignation"]

1. c4 c5 2. Nf3 Nf6 3. g3 b6 4. Bg2 Bb7 5. O-O e6 6. Nc3 a6 7. Re1 d6 8. e4 Nbd7 9. d4 cxd4 10. Nxd4 Qc7 11. Be3 Be7 12. Rc1 Rc8 13. b3 O-O 14.
f4 Rfe8 15. Bf2 g6 16. h3 Bf8 17. Qd2 e5 18. Nc2 exf4 19. gxf4 b5 20. Nd5 Nxd5 21.
cxd5 Qc3 22. Qxc3 Rxc3 23. Nb4 Rxc1 24. Rxc1 Nc5 25. e5 a5 26. Bxc5 dxc5 27. Nd3 Rd8 28. d6 Bxg2 29. Kxg2 Bxd6 30. exd6 Rxd6 31. Rd1 c4 32.
bxc4 bxc4 33. Nb2 Rc6 34. Rc1 c3 35. Nd1 c2 36. Ne3 Rc3 37. Kf2 Ra3 38. Rxc2 Kg7 39. Kf3 h5 40. h4 Kf6 41. Ke4 Ra4+ 42. Nc4 Ke6 43. a3 f6 44. Kd4 Kf5 45. Kc5 Kxf4 46.
Kb5 Rxc4 47. Rxc4+ Kg3 48. Kxa5 g5 49. a4 gxh4 50. Kb4 h3 51. a5 h2 52. Rc1 1-0

[Event "*** Titled Tuesday Blitz"]
[Site "Chess.com"]
[Date "2019.06.04"]
[Round "3"]
[White "Caterpiller35"]
[Black "Everyfishknows"]
[Result "1-0"]
[WhiteElo "2412"]
[BlackElo "2245"]
[TimeControl "180+2"]
[EndTime "13:37:09 PDT"]
[Termination "Caterpiller35 won by resignation"]

1. d4 Nf6 2. Bg5 Ne4 3. Bf4 c5 4. f3 Qa5+ 5. c3 Nf6 6. Nd2 cxd4 7. Nb3 Qb6 8. Qxd4 d6 9. Qxb6 axb6 10. e4 e5 11. Bg3 Be7 12. Bb5+ Bd7 13. Bxd7+ Nbxd7 14. Ne2 d5 15. exd5 Nxd5 16. Bf2 O-O 17. O-O-O N5f6 18. a3 Nc5 19. Nxc5 Bxc5 20. Bh4 Be3+ 21. Kc2 g5 22. Rd3 Bf4 23. Nxf4 gxh4 24. Nd5 Nxd5 25. Rxd5 f6 26. Rd6 Ra6 27. Rhd1 b5 28. R6d5 Rb6 29. Re1 Kf7 30. Rd7+ Kg6 31. Re4 Kf5 32. Rxh7 Rg8 33. Rh5+ Ke6 34. Re2 f5 35. Rxh4 Ra6 36.
Rh6+ Kd5 37. Rxa6 bxa6 38. Kd3 e4+ 39. fxe4+ fxe4+ 40. Ke3 Ke5 41. Rd2 Rg4 42. g3 Rg6 43. Rd4 Rg4 44. a4 Kf5 45. axb5 axb5 46. Rb4 Rg6 47.
Rxb5+ Kg4 48. Rb4 Kh3 49. Rxe4 Kxh2 50. g4 Kg3 51. b4 1-0

[Event "*** Titled Tuesday Blitz"]
[Site "Chess.com"]
[Date "2019.06.04"]
[Round "3"]
[White "FedaMaster"]
[Black "DrMelekess"]
[Result "1-0"]
[WhiteElo "2578"]
[BlackElo "2741"]
[TimeControl "180+2"]
[EndTime "13:37:11 PDT"]
[Termination "FedaMaster won by resignation"]

1. e4 Nc6 2. Nf3 d5 3. exd5 Qxd5 4. Nc3 Qa5 5. Bb5 Bd7 6. O-O a6 7. Bc4 Qh5 8. h3 O-O-O 9. d3 f6 10. b4 Nxb4 11. Rb1 e5 12. a3 Nc6 13. Be3 Nd4 14. Bxd4 exd4 15. Ne2 Bd6 16. Nexd4 Ne7 17. Ne6 Bxe6 18.
Bxe6+ Kb8 19. Re1 Ng6 20. Qe2 Ka7 21. Qe3+ Bc5 22. d4 Bb6 23. c4 c6 24. Qb3 Qa5 25. c5 Nf4 26. Qxb6+ Qxb6 27. cxb6+ Kb8 28. Bc4 Rhe8 29. Rxe8 Rxe8 30. Re1 Rxe1+ 31. Nxe1 Kc8 32. Kh2 Kd7 33. g3 Ng6 34. f4 Ne7 35. Nd3 Kc8 36. Be6+ Kb8 37. Nc5 g6 38. g4 Ka8 39. Kg3 Kb8 40.
a4 a5 41. Kf3 Ka8 42. Ke4 Kb8 43. g5 1-0

[Event "*** Titled Tuesday Blitz"]
[Site "Chess.com"]
[Date "2019.06.04"]
[Round "3"]
[White "kintoho"]
[Black "jefferyx"]
[Result "0-1"]
[WhiteElo "2532"]
[BlackElo "2895"]
[TimeControl "180+2"]
[EndTime "13:37:12 PDT"]
[Termination "jefferyx won by resignation"]

1. e4 c6 2. d4 d5 3. e5 Bf5 4.
h4 h5 5. c4 e6 6. Bg5 Qb6 7. Qd2 dxc4 8. Nc3 Qb4 9. Nf3 Nd7 10. Be2 Nb6 11. O-O Ne7 12. a3 Qa5 13. Ne4 Qxd2 14. Nd6+ Kd7 15. Nxd2 f6 16. exf6 Kxd6 17.
fxe7 Bxe7 18. Bxe7+ Kxe7 19. Nxc4 Rhd8 20. Na5 Rxd4 21. Nxb7 Rxh4 22. Rac1 Nd5 23. Rxc6 Rb8 24. Ba6 Rg4 25. f3 Rg3 26. Kf2 h4 27. b4 Nf4 28. Rg1 Rg5 29. Rc7+ Kf6 30. Nc5 Rd8 31. Nd7+ Kg6 32. Ne5+ Kh7 33. Rd7 Rxd7 34. Nxd7 h3 35.
g3 Nd3+ 36. Ke3 Rxg3 37. Rh1 Nb2 38. Bf1 Nd1+ 39. Kf4 Rg6 40. Bxh3 Bxh3 41. Rxh3+ Kg8 42. Ne5 Rf6+ 43. Ke4 Nc3+ 44. Ke3 Nd5+ 45. Kf2 Rf5 46. Nc6 a6 47. Nd4 Rf6 48. Rh1 e5 49. Nb3 e4 50.
Rh3 e3+ 51. Ke1 Rg6 52. Nd4 Rg1+ 53. Ke2 Nf4+ 54. Kxe3 Nxh3 55. Nc6 Ra1 56. Kd4 Rxa3 57. Ne5 Ng5 58. f4 Nf3+ 59. Ke4 Nxe5 60. fxe5 Kf7 61. Kd5 g5 62. Kd6 Ke8 63. e6 g4 64. b5 axb5 0-1

[Event "*** Titled Tuesday Blitz"]
[Site "Chess.com"]
[Date "2019.06.04"]
[Round "3"]
[White "SaraciNderim"]
[Black "biostatistician"]
[Result "1-0"]
[WhiteElo "2867"]
[BlackElo "2539"]
[TimeControl "180+2"]
[EndTime "13:37:12 PDT"]
[Termination "SaraciNderim won by resignation"]

1. b3 d5 2. Bb2 Bg4 3. c4 Nf6 4.
Qc2 Nc6 5. a3 e5 6. cxd5 Nxd5 7. e3 Be7 8. Bb5 O-O 9. Ne2 Bf6 10.
Ng3 Re8 11. O-O Bh4 12. Bxc6 bxc6 13. Qxc6 Re6 14. Qc4 Rg6 15. Bxe5 Be7 16. Nc3 Nb6 17. Qxc7 Qe8 18. Bd4 h5 19. Qf4 h4 20. Nf5 Bh3 21. g3 Bg5 22. Qf3 Qe6 23. Bxb6 Qxf5 24. Qxf5 Bxf5 25. Bd4 Bd3 26. Rfc1 a5 27. b4 Be7 28.
b5 Bd6 29. Kg2 f5 30. b6 Be4+ 31. Nxe4 fxe4 32. b7 Rb8 33. Rc8+ Kf7 34. Rxb8 Bxb8 35. Rc1 hxg3 36. hxg3 Re6 37. Rc8 Re8 38. Rxe8 Kxe8 39. Bxg7 Kd7 40. Bh6 Kc6 41. Bf4 Bxf4 42. exf4 Kxb7 43.
g4 1-0

[Event "*** Titled Tuesday Blitz"]
[Site "Chess.com"]
[Date "2019.06.04"]
[Round "3"]
[White "TastyFrenchFries"]
[Black "Fighter008"]
[Result "1-0"]
[WhiteElo "2460"]
[BlackElo "2634"]
[TimeControl "180+2"]
[EndTime "13:37:12 PDT"]
[Termination "TastyFrenchFries won by resignation"]

1. e4 c5 2. Bd3 d6 3. c3 g6 4. Nf3 Bg7 5. O-O e5 6. Bc2 Nc6 7. d3 Nge7 8. Nbd2 O-O 9. Re1 h6 10. a4 Be6 11. Nc4 f5 12. exf5 gxf5 13. Bd2 Ng6 14. Rb1 Qd7 15. b4 cxb4 16. cxb4 d5 17.
Na3 e4 18. dxe4 dxe4 19. b5 Nce7 20. Bb4 Nd5 21. Bxf8 Rxf8 22. Nd4 Nc3 23. Nxe6 Nxd1 24. Nxf8 Bxf8 25. Rexd1 Qg7 26. Nc4 Nf4 27. Ne3 Ne2+ 28. Kh1 Nc3 29. Nxf5 Qe5 30. Ne3 Nxd1 31. Rxd1 Bc5 32. h3 Qf4 33. Bb3+ Kg7 34. Rd7+ Kg6 35. Bf7+ Kg5 36. Rd5+ Kf6 37. Rxc5 Qd6 38. Rf5+ Kg7 39. Bd5 Qb4 40. g4 Qxa4 41. Rf7+ Kg6 42. h4 Qxb5 43.
h5+ Kg5 44. Kg2 Qd3 45. Kg3 1-0

[Event "*** Titled Tuesday Blitz"]
[Site "Chess.com"]
[Date "2019.06.04"]
[Round "3"]
[White "ehrenfeld"]
[Black "Bigfish1995"]
[Result "0-1"]
[WhiteElo "2508"]
[BlackElo "2963"]
[TimeControl "180+2"]
[EndTime "13:37:13 PDT"]
[Termination "Bigfish1995 won by resignation"]

1. e4 c5 2. Nf3 Nc6 3. Bb5 g6 4. Bxc6 bxc6 5. O-O Bg7 6. Re1 Nh6 7. c3 O-O 8. h3 f5 9. e5 Nf7 10. d3 Rb8 11. Qa4 Qc7 12. Qf4 d6 13. e6 Nd8 14.
Na3 Nxe6 15. Qh4 Bf6 16. Qg3 f4 17. Bxf4 Nxf4 18. Qxf4 Rxb2 19. Qc1 Rb8 20. Nc4 Bf5 21. Qd2 e5 22. Ne3 Be6 23. Ng4 Bg7 24. d4 cxd4 25. cxd4 Bxg4 26. hxg4 exd4 27. Nxd4 Qb6 28. Rad1 Qxd4 29.
Qxd4 Bxd4 30. Rxd4 d5 31. Ra4 Rf7 32. Ra6 Rc7 33.
Re6 Rb6 34. Ra5 c5 35. Re5 Rd6 36. Kf1 Kf7 37. Ke2 Re6 38. Rxe6 Kxe6 39. Ke3 c4 40. Ra6+ Kd7 41. Ra3 c3 42. Ra5 c2 0-1

[Event "*** Titled Tuesday Blitz"]
[Site "Chess.com"]
[Date "2019.06.04"]
[Round "3"]
[White "alturas_pacificas"]
[Black "H3nriqueTV"]
[Result "1-0"]
[WhiteElo "2272"]
[BlackElo "2170"]
[TimeControl "180+2"]
[EndTime "13:37:16 PDT"]
[Termination "alturas_pacificas won by resignation"]

1. d4 d5 2. Bf4 Nf6 3. e3 g6 4. c4 c6 5. Nc3 Bg7 6. Nf3 O-O 7. h3 Nbd7 8. Be2 Re8 9. O-O e6 10. a3 Ne4 11. Nxe4 dxe4 12. Nd2 f5 13. Bh2 Qe7 14. b4 Kh8 15. Qb3 b6 16. a4 Bb7 17. a5 Rac8 18. axb6 axb6 19. Ra7 Ba8 20. Rfa1 c5 21. bxc5 bxc5 22. Nf1 cxd4 23. exd4 Bxd4 24. Ne3 Bxa1 25. Rxa1 Qf6 26. Ra7 Nc5 27. Qa3 Red8 28. Rxa8 Rxa8 29. Qxc5 Kg8 30. Be5 Qf7 31. Qb4 Qd7 32. c5 Rac8 33.
Bd6 Qc6 34. Bc4 Kf7 35. Qb3 Qd7 36. Nc2 Re8 37. Nd4 Ra8 38. Bb5 Qc8 39. Bxe8+ Qxe8 40. Qb7+ Kg8 41. Kh2 Rc8 42. Qb3 Kf7 43. Qb7+ Kg8 44.
Qb3 Kf7 45. g3 Kf6 46. Qb7 e5 47. Ne2 Qc6 48. Qxh7 e3 49. Qh4+ Kg7 50. Qe7+ Kg8 51. fxe3 Re8 52. Qf6 Ra8 53. Qxg6+ Kh8 54. Bxe5+ 1-0

[Event "*** Titled Tuesday Blitz"]
[Site "Chess.com"]
[Date "2019.06.04"]
[Round "3"]
[White "rasmussvane"]
[Black "temus_galaktionov"]
[Result "0-1"]
[WhiteElo "2873"]
[BlackElo "2702"]
[TimeControl "180+2"]
[EndTime "13:37:17 PDT"]
[Termination "temus_galaktionov won by resignation"]

1. Nf3 c6 2. g3 g6 3. Bg2 Bg7 4. O-O d6 5. d4 Nd7 6. e4 e5 7. dxe5 dxe5 8. a4 Ngf6 9. Nc3 O-O 10. b3 Re8 11. Ba3 Qa5 12. Qd2 Nf8 13. Nd5 Qxd2 14.
Nxf6+ Bxf6 15. Nxd2 Ne6 16. c3 b6 17. Rfd1 Ba6 18. Bf1 Bxf1 19. Kxf1 Red8 20. Ke2 b5 21. axb5 cxb5 22. Bb4 a6 23. Ra2 Bg5 24. Nf3 Rxd1 25. Kxd1 f6 26. Ke2 Bh6 27. Ne1 Kf7 28. Nd3 Ke8 29. Ra1 Kd7 30. Rd1 Ke8 31. Ra1 Kd7 32. f3 Kc6 33. Ba5 Bf8 34. Rd1 Ra7 35.
Bb4 a5 36. Bxf8 Nxf8 37. f4 Nd7 38. Ke3 exf4+ 39. gxf4 Ra8 40. Ra1 Nc5 41. Nxc5 Kxc5 42. b4+ Kc4 43. bxa5 Kxc3 44. a6 b4 45. Rc1+ Kb2 46.
Rc6 b3 47. Rxf6 Ka2 48. f5 gxf5 49. exf5 b2 50. Rb6 b1=Q 51. Rxb1 Kxb1 52. Kf4 Rxa6 53.
Ke5 Rh6 54. f6 Rxh2 55. Kf5 Rf2+ 56. Kg5 Kc2 57. Kh6 Rxf6+ 58. Kxh7 Kd3 0-1

[Event "*** Titled Tuesday Blitz"]
[Site "Chess.com"]
[Date "2019.06.04"]
[Round "3"]
[White "Mikhail_Golubev"]
[Black "LawrenceTrent"]
[Result "0-1"]
[WhiteElo "2481"]
[BlackElo "2696"]
[TimeControl "180+2"]
[EndTime "13:37:18 PDT"]
[Termination "LawrenceTrent won on time"]

1. e4 c5 2. Nf3 d6 3. d4 cxd4 4. Nxd4 Nf6 5. Nc3 Nc6 6. Bc4 e6 7. Be3 a6 8. Qe2 Qc7 9. Bb3 Na5 10. g4 Nd7 11. Bxe6 fxe6 12. Nxe6 Qc6 13. Nd5 Ne5 14.
Nec7+ Kd8 15. Bg5+ Kd7 16. Nxa8 Ke8 17. Rg1 b5 18.
Nac7+ Kf7 19. O-O-O h6 20. Bf4 g5 21. Bxe5 dxe5 22. Qf3+ Kg7 23. Qc3 Nc4 24. b3 Ba3+ 25. Kb1 Bb2 26. Qd3 Bd4 27. bxc4 bxc4 28. Qa3 Bc5 29.
Qb2 Bd6 30. f4 gxf4 31. g5 h5 32. Nxf4 Qxc7 33. Nd5 Qc5 34. Rgf1 Be6 35. Qc3 Rb8+ 36. Ka1 Qa3 37. Rb1 Qc5 38. Rxb8 Bxb8 39. Rf6 Bxd5 40. exd5 Bd6 41. Qf3 Qd4+ 42. Kb1 Qg1+ 43. Kb2 c3+ 0-1

[Event "*** Titled Tuesday Blitz"]
[Site "Chess.com"]
[Date "2019.06.04"]
[Round "3"]
[White "iturrizaga"]
[Black "PulpanJ"]
[Result "1-0"]
[WhiteElo "2936"]
[BlackElo "2646"]
[TimeControl "180+2"]
[EndTime "13:37:19 PDT"]
[Termination "iturrizaga won by resignation"]

1. Nf3 Nf6 2. c4 e6 3. g3 d5 4.
Bg2 Be7 5. b3 O-O 6. Bb2 b6 7.
O-O Bb7 8. e3 c5 9. Qe2 Nc6 10.
Rd1 dxc4 11. bxc4 Na5 12. d3 Qc7 13. Nc3 Rad8 14. Nb5 Qb8 15. Be5 Qa8 16. Rac1 Nd7 17.
Bb2 Bf6 18. d4 cxd4 19. exd4 a6 20. Nd6 Bc6 21. Ba3 Qb8 22. d5 exd5 23. cxd5 Ba4 24.
Re1 Nc5 25. Ne4 Be7 26. Nxc5 Bxc5 27. Bxc5 bxc5 28. Qxa6 Qc7 29. Ne5 Rd6 30. Qd3 f6 31.
Qa3 fxe5 32. Qxa4 Nb7 33. Rxe5 Rxf2 34. Re8+ Rf8 35. Rf1 Rf6 36. Rxf6 gxf6 37. d6 Nxd6 38. Bd5+ Kh8 39. Rxf8+ Kg7 40. Rg8+ Kh6 1-0

[Event "*** Titled Tuesday Blitz"]
[Site "Chess.com"]
[Date "2019.06.04"]
[Round "3"]
[White "Sanan_Sjugirov"]
[Black "Blitzstream"]
[Result "1-0"]
[WhiteElo "2860"]
[BlackElo "2675"]
[TimeControl "180+2"]
[EndTime "13:37:21 PDT"]
[Termination "Sanan_Sjugirov won by resignation"]

1. e4 d5 2. exd5 Qxd5 3. Nc3 Qa5 4. d4 Nf6 5. Nf3 c6 6. Bc4 Bf5 7. Bd2 e6 8. Nd5 Qd8 9. Nxf6+ Qxf6 10. Qe2 Nd7 11.
O-O-O b5 12. Bb3 Bd6 13. h3 h6 14. g4 Bh7 15. h4 a5 16. a3 Qe7 17. a4 bxa4 18. Bxa4 O-O 19. Bxc6 Rfc8 20. Be4 Bxe4 21.
Qxe4 a4 22. Kb1 Ba3 23. Ka2 Bxb2 24. Kxb2 Nb6 25. Ka2 Nc4 26. Qd3 Rab8 27. Rb1 Rb3 28. Rxb3 axb3+ 29. Qxb3 Qa7+ 30. Kb1 Rb8 31. Bb4 Na5 32.
Qa4 Qb6 33. c3 Nc4 34. Kc2 Qb7 35. Rh3 Qe4+ 36. Kb3 Nb6 37. Qa2 Nd5 38. Qc2 Qxg4 39.
Rg3 Qh5 40. Qe4 g6 41. Qe5 g5 42. Qxb8+ 1-0

[Event "*** Titled Tuesday Blitz"]
[Site "Chess.com"]
[Date "2019.06.04"]
[Round "3"]
[White "Aknok"]
[Black "Vusatiuk_Vladimir"]
[Result "1-0"]
[WhiteElo "2418"]
[BlackElo "2217"]
[TimeControl "180+2"]
[EndTime "13:37:23 PDT"]
[Termination "Aknok won by resignation"]

1. d4 Nf6 2. c4 e6 3. Nf3 Bb4+ 4. Bd2 c5 5. Bxb4 cxb4 6. g4 b6 7. g5 Ne4 8. Rg1 Bb7 9. Nbd2 d6 10. Qa4+ Nd7 11. Qxb4 Qe7 12. Rg4 f5 13. gxf6 Ndxf6 14. Rg1 Rc8 15. e3 O-O 16. Bd3 Qc7 17. Ng5 Nxg5 18.
Rxg5 d5 19. Ke2 Qxh2 20. Qe7 Rf7 21. Qxe6 Re8 22. Qf5 Ne4 23. Bxe4 Rxf5 24. Bxf5 dxc4 25. Rag1 Re7 26. Nxc4 Ba6 27. Bd3 Qc7 28. b3 Bxc4 29. Bxc4+ Kf8 30. Rf5+ Ke8 31. Rh1 a6 32. Rxh7 b5 33.
Rh8+ Kd7 34. Rd5+ Kc6 35. Rc5+ Kb6 36. Rxc7 Rxc7 37. Bd3 b4 38. Rb8+ Ka7 39. Rxb4 g5 40. Ra4 Rc6 41. Rxa6+ Rxa6 42. Bxa6 Kxa6 43. Kf3 1-0

[Event "*** Titled Tuesday Blitz"]
[Site "Chess.com"]
[Date "2019.06.04"]
[Round "3"]
[White "Obito24"]
[Black "olksuna"]
[Result "1-0"]
[WhiteElo "2744"]
[BlackElo "2485"]
[TimeControl "180+2"]
[EndTime "13:37:24 PDT"]
[Termination "Obito24 won by resignation"]

1. d4 d5 2. c4 e6 3. Nf3 c6 4. e3 f5 5. g3 Nf6 6. Bg2 Bd6 7. O-O O-O 8. b3 Qe7 9. Bb2 Bd7 10. Nbd2 Be8 11. Ne5 Nbd7 12. Nd3 Bh5 13. Qc2 Ne4 14. Nf3 g5 15. Nfe5 Nxe5 16. dxe5 Ba3 17. f3 Bxb2 18. Qxb2 Nc5 19. Qa3 b6 20. Rfc1 Rad8 21. f4 gxf4 22. Nxc5 bxc5 23. cxd5 cxd5 24. exf4 Rc8 25. Rc2 Rc7 26. Rac1 Rfc8 27. h3 Kf8 28.
Kh2 c4 29. Qa5 Rc5 30. Qb4 a5 31. Qd2 cxb3 32. Rxc5 Rxc5 33. axb3 Rxc1 34. Qxc1 Qb4 35. Qc8+ Kf7 36. Qc7+ Kg6 37. Qd8 Kf7 38. Qf6+ Kg8 39. Qxe6+ Bf7 40. Qxf5 d4 41. e6 Bg6 42. Qd5 Qe7 43.
Qxd4 Qxe6 44. Bd5 1-0

[Event "*** Titled Tuesday Blitz"]
[Site "Chess.com"]
[Date "2019.06.04"]
[Round "3"]
[White "SergeiAza"]
[Black "Borsuk_Konstantin"]
[Result "1-0"]
[WhiteElo "2772"]
[BlackElo "2598"]
[TimeControl "180+2"]
[EndTime "13:37:25 PDT"]
[Termination "SergeiAza won by checkmate"]

1. e4 e6 2. d4 d5 3. Nd2 Nf6 4. e5 Nfd7 5. Bd3 c5 6. c3 Nc6 7.
Ne2 b6 8. O-O cxd4 9. cxd4 Nb4 10. Bb1 Ba6 11. Nf3 Be7 12. a3 Nc6 13. Re1 b5 14. Nf4 Nb6 15. Nh5 g6 16. Nf6+ Bxf6 17. exf6 Qxf6 18. Bg5 Qg7 19. Qc1 Rc8 20. Qf4 Nd7 21.
Bh6 Qf6 22. Qe3 Ne7 23. Bg5 Qg7 24. Bh6 Qf6 25. Ne5 Ng8 26. Bg5 Qg7 27. Bd3 f6 28. Nxd7 Qxd7 29. Qxe6+ Qxe6 30. Rxe6+ Kf7 31. Rxa6 fxg5 32.
Rxa7+ Kf6 33. Ra6+ Kg7 34. Re1 Rc7 35. Bxb5 Nf6 36. f3 g4 37. a4 gxf3 38. gxf3 Nh5 39. Rc6 Rf7 40. Re3 Rb8 41. b4 Nf4 42. Rec3 Kh6 43.
Rc7 Rf5 44. Rc8 Rb7 45. R3c7 Rb6 46. Rc6 Rb7 47. R6c7 Rb6 48. Rh8 Kg5 49. Rhxh7 Rbf6 50. h4# 1-0

[Event "*** Titled Tuesday Blitz"]
[Site "Chess.com"]
[Date "2019.06.04"]
[Round "3"]
[White "Durarbayli"]
[Black "mikhaillushenkov"]
[Result "1-0"]
[WhiteElo "2755"]
[BlackElo "2722"]
[TimeControl "180+2"]
[EndTime "13:37:27 PDT"]
[Termination "Durarbayli won by resignation"]

1. e4 e5 2. Nf3 Nc6 3. Bb5 a6 4. Ba4 Nf6 5. d3 b5 6. Bb3 Be7 7. O-O d6 8. c3 Na5 9. Bc2 c5 10. d4 Qc7 11. d5 Nc4 12. Qe2 Nb6 13.
h3 O-O 14. Nh4 Re8 15. f4 exf4 16. Bxf4 Bf8 17. Qf3 Nc4 18. Nd2 Ne5 19. Qf2 Ra7 20.
Kh1 Nh5 21. Bh2 g6 22. g4 Ng7 23. Nhf3 f6 24. g5 Bxh3 25. gxf6 Bxf1 26. Nxe5 dxe5 27. fxg7 Bxg7 28. Rxf1 Rf8 29. Qe3 Rxf1+ 30. Nxf1 Qe7 31. Nd2 c4 32. Bd1 Ra8 33. Bg4 Rf8 34. Nf3 Bf6 35. Qh6 Bg7 36. Qh3 h5 37. Be6+ Kh8 38. Kg2 a5 39. Nxe5 Qg5+ 40. Qg3 Qd2+ 41. Kh3 Bxe5 42. Qxe5+ Kh7 43. Bf5 Qe3+ 44. Bg3 Qg5 45. Qc7+ Kg8 46.
Be6+ 1-0

[Event "*** Titled Tuesday Blitz"]
[Site "Chess.com"]
[Date "2019.06.04"]
[Round "3"]
[White "Rakesh"]
[Black "OglazaOskar2005"]
[Result "0-1"]
[WhiteElo "2255"]
[BlackElo "2198"]
[TimeControl "180+2"]
[EndTime "13:37:28 PDT"]
[Termination "OglazaOskar2005 won by resignation"]

1. e4 c5 2. c3 d5 3. exd5 Qxd5 4. d4 Nc6 5. Nf3 Bf5 6. Na3 Nf6 7. Be3 cxd4 8. Nb5 O-O-O 9. Nfxd4 Nxd4 10. Qxd4 a6 11. Na7+ Kb8 12. Qb6 Rd6 13. Qb4 Bg4 14. f3 Qe6 15. Kf2 Nd5 16. Qc5 Qxe3+ 17. Qxe3 Nxe3 18. Kxe3 Bxf3 19. gxf3 Kxa7 20. b4 e5 21. Bc4 Rc6 22. Bxf7 Rxc3+ 23. Ke4 Bxb4 24. Rab1 Bc5 25. Rhe1 Rd8 26. Bd5 b5 27. a4 b4 28. Rbc1 Rf8 29. Rxc3 bxc3 30. Rc1 Rf4+ 31.
Kxe5 Rxa4 32. Rb1 Rb4 33. Rxb4 Bxb4 34. Be4 Kb6 35. Bxh7 a5 36. Kd4 a4 37. Kd3 a3 38.
Bg8 Kc5 39. h4 Kd6 40. h5 Ke5 41. Ba2 Kf4 42. Kc2 Kxf3 43. Bf7 Kg4 44. Kb3 Kg5 45. Kc2 a2 46. Bxa2 Kxh5 47. Bb3 g5 48. Kd3 g4 49.
Ke2 Kh4 50. Kf2 Kh3 51. Kg1 Bc5+ 52. Kh1 Kg3 53. Bc2 Kf2 54. Be4 g3 0-1

[Event "*** Titled Tuesday Blitz"]
[Site "Chess.com"]
[Date "2019.06.04"]
[Round "3"]
[White "BvsN"]
[Black "Karacsonyi_Gellert"]
[Result "0-1"]
[WhiteElo "2294"]
[BlackElo "2538"]
[TimeControl "180+2"]
[EndTime "13:37:29 PDT"]
[Termination "Karacsonyi_Gellert won by resignation"]

1. d4 Nf6 2. c4 e6 3. Nc3 Bb4 4. f3 c5 5. d5 b5 6. e4 O-O 7.
Nh3 Re8 8. Nf4 exd5 9. cxd5 c4 10. Be2 Qb6 11. Bd2 d6 12. a4 Bd7 13. axb5 Bxb5 14.
Nxb5 Qxb5 15. O-O Bc5+ 16. Kh1 Nbd7 17. Bc3 Ne5 18. Qa4 a6 19. Qa2 Nfd7 20. Rab1 Be3 21. Nh5 g6 22. Ng3 Bf4 23. b3 cxb3 24. Rxb3 Qc5 25. Bb4 Qa7 26. Bd2 Bxd2 27. Qxd2 Nc5 28. Ra3 Qe7 29. Rfa1 Reb8 30. h3 Qh4 31. Kh2 Qe7 32. Nf1 Ned7 33. Ne3 Qe5+ 34. Kh1 Nb3 35. Qe1 Nxa1 36. Rxa1 Nc5 37. Nc4 Qf6 38. Na5 Rb2 39.
Nc6 Rxe2 40. Qb1 Qg5 41. Qf1 Qd2 42. Qg1 Nd3 43. Rd1 Qxd1 44. Qxd1 Nf2+ 45. Kg1 Nxd1 46. Kf1 Rc2 47. Ke1 Rxc6 48. dxc6 Rc8 0-1

[Event "*** Titled Tuesday Blitz"]
[Site "Chess.com"]
[Date "2019.06.04"]
[Round "3"]
[White "matiss90"]
[Black "2165149677570"]
[Result "1-0"]
[WhiteElo "2451"]
[BlackElo "2231"]
[TimeControl "180+2"]
[EndTime "13:37:32 PDT"]
[Termination "matiss90 won by resignation"]

1. e4 c5 2. Nf3 d6 3. d4 cxd4 4. Nxd4 Nf6 5. Nc3 a6 6. Bc4 e6 7. Bb3 Nbd7 8. Bg5 Nc5 9. f4 Be7 10. Qf3 Qc7 11. O-O b5 12. a3 Bb7 13. Rae1 h6 14.
Bh4 Nfxe4 15. Nxe4 Bxh4 16. Nxe6 Nxe6 17. Bxe6 Bxe1 18. Rxe1 O-O 19. Bb3 Rae8 20. Kf1 Bxe4 21. Rxe4 Qc6 22. Re3 Qxf3+ 23. Rxf3 Re4 24. g3 Rfe8 25.
Rd3 Re1+ 26. Kg2 R8e2+ 27. Kf3 Rxh2 28. Rxd6 Rf1+ 29. Kg4 g6 30. Rxg6+ Kh7 31. Bxf7 Rg1 32. Kf5 Rxc2 33. Bg8+ Kh8 34. Bd5 Rc5 35. Rxh6+ Kg7 36.
Rg6+ Kh7 37. Rd6 Rd1 38. Ke6 Re1+ 39. Kf5 Rd1 40. Ke5 Re1+ 41. Kd4 Rc2 42. Be4+ Rxe4+ 43. Kxe4 Rxb2 44. g4 a5 45. g5 Rb3 46. Kf5 Rxa3 47.
Rd7+ Kg8 48. Kg6 Kf8 49. f5 Rc3 50. f6 Rc8 51. Rh7 1-0

[Event "*** Titled Tuesday Blitz"]
[Site "Chess.com"]
[Date "2019.06.04"]
[Round "3"]
[White "SARGISMV"]
[Black "flubs"]
[Result "0-1"]
[WhiteElo "2403"]
[BlackElo "2316"]
[TimeControl "180+2"]
[EndTime "13:37:33 PDT"]
[Termination "flubs won by checkmate"]

1. c4 c6 2. Nc3 d5 3. e3 Nf6 4. Nf3 e6 5. d4 Nbd7 6. b3 Bd6 7. Bb2 O-O 8. Bd3 a6 9. O-O b5 10. Qe2 Bb7 11. Rac1 Qb8 12. Ba1 Rd8 13. h3 b4 14.
Na4 Ne4 15. Bxe4 dxe4 16. Nd2 f5 17. c5 Bc7 18. Nc4 a5 19. f3 Nf6 20. Nab6 Bxb6 21.
Nxb6 Ba6 22. Nc4 Qg3 23. f4 Nd5 24. Rfe1 g5 25. fxg5 Ra7 26. Qf2 Qxf2+ 27. Kxf2 Rg7 28. h4 Bxc4 29. bxc4 Nc7 30. a4 Rgd7 31. Kg3 e5 32. Rf1 Ne6 33. dxe5 Rd3 34. Rxf5 Rxe3+ 35. Kg4 Rdd3 36.
Rf2 Ng7 37. e6 Rg3+ 38. Kf4 Nxe6+ 39. Kxe4 Nxc5+ 40. Kf5 Nxa4 41. Re1 Rge3 42. Rxe3 Rxe3 43. h5 Nc3 44. g4 a4 45. g6 hxg6+ 46. Kxg6 Re6+ 47. Kf5 Re8 48. Kg6 Re6+ 49. Kg5 Ne4+ 50. Kf5 Nxf2 51. Kxe6 Nxg4 52. Kd6 a3 53. Kxc6 b3 54.
Kd7 b2 55. c5 bxa1=Q 56. c6 Qg7+ 57. Kc8 Nf6 58. c7 Nd5 59. h6 Qxc7# 0-1